Map: Prion Terraces

Players

KIRINPARK

  • Race: Zerg Zerg
  • League: Platinum

ILLBdA - Winner!

  • Race: Protoss Protoss
  • League: Diamond

VOD

Have the link to the VOD?

Description

Time

  • Played on: Dec. 16, 2015, 1 a.m.
  • Length: 4:16
Show
View Real Time Build Order
Export as new Build Order

KIRINPARK Zerg 

Build Orders: Hatch First 

Get SALT Encoding   

  12  0:01  Drone  
  13  0:11  Drone  
  14  0:17  Overlord  
  14  0:43  Hatchery  
  14  0:47  Drone  
  14  0:51  Drone  
  15  1:06  Spawning Pool  
  15  1:09  Drone  
  15  1:12  Extractor  
  15  1:17  Drone  
  15  1:19  Drone  
  15  1:24  Drone  
  17  1:32  Drone  
  18  1:53  Queen  
  21  1:54  Zergling x2  
  21  1:56  Queen  
  21  1:57  Drone  
  21  2:01  Zergling x2  
  25  2:18  Drone  
  25  2:19  Drone x2  
  27  2:34  Zergling x2  
  28  2:43  Overlord  
  28  2:44  Overlord  
  20  3:03  Zergling x2  
  20  3:04  Zergling x8  
  25  3:06  Queen  
  25  3:26  Zergling x6  
Show
View Real Time Build Order
Export as new Build Order

ILLBdA Protoss - Winner!

Build Orders:  

Get SALT Encoding   

  12  0:01  Probe (Chrono Boost)  
  13  0:11  Probe (Chrono Boost)  
  14  0:22  Probe (Chrono Boost)  
  15  0:37  Pylon  
  15  0:55  Gateway  
  15  0:56  Gateway  
  15  0:59  Gateway  
  15  1:10  Gateway  
  15  1:18  Pylon  
  21  1:47  Zealot x2 (Chrono Boost)  
  21  1:48  Zealot (Chrono Boost)  
  23  2:14  Zealot (Chrono Boost)  
  23  2:15  Zealot (Chrono Boost)  
  29  2:18  Zealot (Chrono Boost), Pylon  
  27  2:25  Zealot (Chrono Boost)  
  29  2:30  Pylon  
  28  2:41  Zealot (Chrono Boost)  
  30  2:50  Zealot (Chrono Boost)  
  34  2:53  Zealot (Chrono Boost)  
  34  2:58  Zealot (Chrono Boost)  
  34  3:08  Zealot (Chrono Boost)  
  34  3:19  Zealot (Chrono Boost)  
  36  3:24  Zealot (Chrono Boost)  
  34  3:28  Zealot (Chrono Boost)  
  28  3:40  Zealot (Chrono Boost)  
  32  3:49  Zealot (Chrono Boost)  
Tags
 
Matchup
PvZ
Replay Pack
me
Add a new tag
Caveats
  • Supply blocks, unpowered buildings, or Contaminate may cause inaccurate times.
  • Supply counts are checked every 10 seconds.